 Dungeon Sprint DCSS version 0.17-a0-1468-gbf503c2 (webtiles) character file.

8227 pulse the Impaler (level 11, -3/99 HPs)
             Began as a Formicid Fighter on July 1, 2015.
             Was the Champion of Trog.
             Slain by an ettin
             ... wielding a +0 dire flail
              (34 damage)
             ... in the Dungeon (Sprint IX: "|||||||||||||||||||||||||||||").
             The game lasted 00:04:06 (1689 turns).

pulse the Impaler (Formicid Fighter)                Turns: 1689, Time: 00:04:06

Health: -3/99      AC: 18    Str: 24    XL:     11   Next: 51%
Magic:  4/4        EV: 11    Int:  6    God:    Trog [******]
Gold:   0          SH: 14    Dex: 13    Spells: 0 memorised, 10 levels left

rFire  . . .     SeeInvis +     e - +7 spear (antimagic)
rCold  . . .     Clarity  .     s - +0 plate armour
rNeg   . . .     SustAt   .     c - +0 shield
rPois  .         Gourm    .     (helmet unavailable)
rElec  .         Spirit   .     B - +0 cloak
rCorr  .         Warding  .     p - +0 pair of gloves
rMut   .         Stasis   +     (no boots)
MR     +....                    (no amulet)
Stlth  ..........               q - +3 ring of dexterity
                                r - +2 ring of evasion

@: weakened, somewhat resistant to hostile enchantments, extremely unstealthy
A: permanent stasis, dig shafts and tunnels, four strong arms, antennae 3, dopey
1
a: Dig, Burn Spellbooks, Trog's Hand, Brothers in Arms, Renounce Religion


You were in the Dungeon.
You worshipped Trog.
Trog was exalted by your worship.
You were not hungry.

You visited 1 branch

Inventory:

Hand weapons
 e - a +7 antimagic spear (weapon)
Armour
 c - a +0 shield (worn)
 p - a +0 pair of gloves (worn)
 s - a +0 plate armour (worn)
 B - a +0 cloak (worn)
Jewellery
 q - a +3 ring of dexterity (right hand)
 r - a +2 ring of evasion (left hand)
Magical devices
 n - a wand of draining (3)
Scrolls
 k - 2 scrolls of blinking
 m - 4 scrolls of remove curse
 t - 4 scrolls of recharging
 u - 2 scrolls of enchant weapon
 v - 2 scrolls of fear
 w - a scroll of identify
Potions
 a - 2 potions of resistance
 d - a potion of might
 f - a potion of invisibility
 g - a potion of heal wounds
 h - a potion of haste
 i - 4 potions of magic
 j - 2 potions of berserk rage
 l - 7 potions of curing
Comestibles
 o - 13 meat rations
 x - 40 fruits
 z - 12 bread rations


   Skills:
 + Level 13.9 Fighting
 * Level 16.8 Polearms
 + Level 11.4 Armour
 + Level 4.5 Dodging
 + Level 0.3 Stealth
 + Level 14.0 Shields
 + Level 1.5 Evocations


You had 10 spell levels left.
You didn't know any spells.

Dungeon Overview and Level Annotations

Branches:
Dungeon (1/1)

Altars:
Cheibriados
Dithmenos
Elyvilon
Fedhas
Gozag
Kikubaaqudgha
Makhleb
Nemelex Xobeh
Okawaru
Qazlal
Ru
Sif Muna
Trog
Vehumet
Xom
Yredelemnul
Zin
The Shining One
Beogh
Jiyva
Lugonu


Innate Abilities, Weirdness & Mutations

You are under a permanent stasis effect.
You can dig through walls and to a lower floor.
Your four strong arms can wield two-handed weapons with a shield.
You have a pair of large antennae on your head (SInv).
You are dopey. (Int -2)


Message History

Trog accepts your kill.
Unknown command.
You puncture the orc wizard!
The orc wizard's magic leaks into the air.
The orc wizard is severely wounded.
Unknown command.
You puncture the orc wizard!
You kill the orc wizard!
Trog accepts your kill.
Trog appreciates your killing of a magic user.
Something appears at your feet! Trog grants you a gift!
You hit the orc.
The orc is severely wounded.
Unknown command.
You hit the orc.
You kill the orc!
Trog accepts your kill. The ettin hits you with a dire flail!!
You die...

...)(....).....'_________________
▓▓▓▓▓▓▓▓▓▓▓▓▓▓▓▓▓▓▓▓▓▓▓▓▓▓▓▓▓▓▓▓▓
.................................
▓▓▓▓▓▓▓▓▓▓▓▓▓▓▓▓▓▓▓▓▓▓▓▓▓▓▓▓▓▓▓▓▓
.....'.....)).....(÷........)÷÷..
▓▓▓▓▓▓▓▓▓▓▓▓▓▓▓▓▓▓▓▓▓▓▓▓▓▓▓▓▓▓▓▓▓
....[.....)........).............
▓▓▓▓▓▓▓▓▓▓▓▓▓▓▓▓▓▓▓▓▓▓▓▓▓▓▓▓▓▓▓▓▓
...........(()))@C......{


{{{{{{{ ▓▓▓▓▓▓▓▓▓▓▓▓▓▓▓▓▓▓▓▓▓▓▓▓ You could see an ettin.

Vanquished Creatures
  Gastronok (D)
  A centaur warrior (D)
  An orc high priest (D)
  A hill giant (D)
  An orc knight (D)
  An ugly thing (D)
  A spiny frog (D)
  A troll (D)
  2 polar bears (D)
  A blink frog (D)
  A yak (D)
  4 hippogriffs (D)
  Grum (D)
  A hungry ghost (D)
  2 wolves (D)
  3 water moccasins (D)
  2 porcupines (D)
  7 black bears (D)
  A wasp (D)
  2 orc warriors (D)
  3 giant frogs (D)
  An orc priest (D)
  A jelly (D)
  4 orc wizards (D)
  2 worker ants (D)
  An iguana (D)
  2 river rats (D)
  An adder (D)
  6 orcs (D)
  A goblin (D)
  2 hobgoblins (D)
  A bat (D)
  3 giant newts (D)
  A kobold (D)
64 creatures vanquished.

Notes
Turn   | Place    | Note
--------------------------------------------------------------
     0 | D        | pulse the Formicid Fighter began the quest for the Orb.
     0 | D        | Reached XP level 1. HP: 18/18 MP: 1/1
    11 | D        | Reached skill level 4 in Shields
    31 | D        | Noticed a worker ant
    31 | D        | Noticed an orc wizard
    37 | D        | Reached XP level 2. HP: 25/25 MP: 2/2
    50 | D        | Killed a worker ant
    50 | D        | Reached skill level 5 in Fighting
    50 | D        | Reached skill level 5 in Shields
    50 | D        | Reached XP level 3. HP: 9/33 MP: 3/3
    64 | D        | Killed an orc wizard
    64 | D        | Reached skill level 5 in Armour
    64 | D        | Reached XP level 4. HP: 17/39 MP: 4/4
   227 | D        | Found a glowing silver altar of Zin.
   227 | D        | Found a glowing golden altar of the Shining One.
   227 | D        | Found an ancient bone altar of Kikubaaqudgha.
   227 | D        | Found a basalt altar of Yredelemnul.
   227 | D        | Found a shimmering altar of Xom.
   227 | D        | Found a radiant altar of Vehumet.
   228 | D        | Found an iron altar of Okawaru.
   229 | D        | Found a burning altar of Makhleb.
   230 | D        | Found a deep blue altar of Sif Muna.
   231 | D        | Found a bloodstained altar of Trog.
   232 | D        | Found a sparkling altar of Nemelex Xobeh.
   233 | D        | Found a white marble altar of Elyvilon.
   234 | D        | Found a roughly hewn altar of Beogh.
   235 | D        | Found a viscous altar of Jiyva.
   236 | D        | Found a corrupted altar of Lugonu.
   237 | D        | Found a blossoming altar of Fedhas.
   238 | D        | Found a snail-covered altar of Cheibriados.
   239 | D        | Became a worshipper of Trog the Wrathful
   240 | D        | Found a shadowy altar of Dithmenos.
   241 | D        | Found a stormy altar of Qazlal.
   242 | D        | Found an opulent altar of Gozag.
   243 | D        | Found a sacrificial altar of Ru.
   295 | D        | Noticed a troll
   295 | D        | Noticed a jelly
   295 | D        | Noticed a hill giant
   295 | D        | Noticed a worker ant
   307 | D        | Killed a troll
   307 | D        | Reached skill level 7 in Fighting
   307 | D        | Reached skill level 8 in Shields
   307 | D        | Reached XP level 5. HP: 14/49 MP: 5/5
   307 | D        | Reached XP level 6. HP: 16/56 MP: 6/6
   313 | D        | Killed a hill giant
   313 | D        | Acquired Trog's first power
   313 | D        | Reached skill level 9 in Fighting
   313 | D        | Reached XP level 7. HP: 41/65 MP: 7/7
   316 | D        | Killed a jelly
   316 | D        | Reached XP level 8. HP: 38/72 MP: 8/8
   321 | D        | Killed a worker ant
   321 | D        | Acquired Trog's second power
   324 | D        | Reached skill level 10 in Fighting
   595 | D        | Noticed a centaur warrior
   595 | D        | Noticed a brown ugly thing
   595 | D        | Noticed a giant frog
   595 | D        | Noticed a hippogriff
   595 | D        | Noticed a hungry ghost
   595 | D        | Noticed an orc wizard
   596 | D        | Killed a giant frog
   596 | D        | Reached skill level 10 in Shields
   602 | D        | Killed a centaur warrior
   602 | D        | Reached skill level 11 in Fighting
   602 | D        | Reached skill level 10 in Polearms
   602 | D        | Reached XP level 9. HP: 64/81 MP: 9/9
   607 | D        | Killed a brown ugly thing
   611 | D        | Killed a hippogriff
   611 | D        | Reached skill level 1 in Evocations
   625 | D        | Killed a hungry ghost
   629 | D        | Killed an orc wizard
   749 | D        | Noticed a giant frog
   749 | D        | Noticed a hippogriff
   749 | D        | Noticed a porcupine
   749 | D        | Noticed a water moccasin
   754 | D        | Noticed a wasp
   755 | D        | Killed a giant frog
   755 | D        | Acquired Trog's third power
   757 | D        | Killed a hippogriff
   757 | D        | Reached skill level 12 in Fighting
   760 | D        | Noticed a yak
   760 | D        | Killed a porcupine
   760 | D        | Received a gift from Trog
   763 | D        | Noticed a porcupine
   771 | D        | Killed a water moccasin
   777 | D        | Killed a wasp
   783 | D        | Killed a yak
   783 | D        | Reached skill level 10 in Armour
   783 | D        | Reached XP level 10. HP: 55/90 MP: 10/10
   788 | D        | Killed a porcupine
   788 | D        | Reached skill level 13 in Polearms
  1007 | D        | Noticed an iguana
  1007 | D        | Noticed a black bear
  1007 | D        | Noticed a giant frog
  1007 | D        | Noticed a water moccasin
  1007 | D        | Noticed a spiny frog
  1007 | D        | Noticed a water moccasin
  1010 | D        | Noticed a hippogriff
  1010 | D        | Killed an iguana
  1010 | D        | Received a gift from Trog
  1015 | D        | Noticed a hippogriff
  1015 | D        | Killed a black bear
  1021 | D        | Killed a giant frog
  1023 | D        | Noticed a blink frog
  1024 | D        | Killed a water moccasin
  1032 | D        | Killed a spiny frog
  1037 | D        | Killed a water moccasin
  1046 | D        | Killed a hippogriff
  1050 | D        | Killed a hippogriff
  1050 | D        | Received a gift from Trog
  1067 | D        | Killed a blink frog
  1067 | D        | Reached skill level 14 in Polearms
  1333 | D        | Noticed a black bear
  1333 | D        | Noticed a polar bear
  1333 | D        | Noticed a black bear
  1333 | D        | Noticed a polar bear
  1333 | D        | Noticed a black bear
  1333 | D        | Noticed a black bear
  1334 | D        | Noticed a black bear
  1349 | D        | Killed a polar bear
  1355 | D        | Killed a black bear
  1359 | D        | Killed a polar bear
  1364 | D        | Killed a black bear
  1365 | D        | Killed a black bear
  1370 | D        | Killed a black bear
  1374 | D        | Killed a black bear
  1374 | D        | Received a gift from Trog
  1384 | D        | Noticed a black bear
  1394 | D        | Killed a black bear
  1471 | D        | Noticed a wolf
  1472 | D        | Noticed Grum
  1476 | D        | Noticed a wolf
  1484 | D        | Killed a wolf
  1484 | D        | Reached skill level 15 in Polearms
  1494 | D        | Killed Grum
  1498 | D        | Killed a wolf
  1504 | D        | Noticed Gastronok
  1536 | D        | Killed Gastronok
  1536 | D        | Received a gift from Trog
  1536 | D        | Reached skill level 16 in Polearms
  1536 | D        | Reached XP level 11. HP: 77/99 MP: 3/11
  1566 | D        | Noticed an orc knight
  1566 | D        | Noticed an orc warrior
  1566 | D        | Noticed an orc wizard
  1566 | D        | Noticed an orc warrior
  1582 | D        | Killed an orc knight
  1583 | D        | Noticed an orc high priest
  1591 | D        | Noticed an orc priest
  1592 | D        | Killed an orc warrior
  1607 | D        | Killed an orc warrior
  1612 | D        | Killed an orc wizard
  1613 | D        | Received a gift from Trog
  1619 | D        | Noticed an orc wizard
  1655 | D        | Noticed an ettin
  1675 | D        | Gained mutation: You are dopey. (Int -2) [a neqoxec]
  1678 | D        | Killed an orc high priest
  1684 | D        | Killed an orc priest
  1686 | D        | Killed an orc wizard
  1686 | D        | Received a gift from Trog
  1689 | D        | Slain by an ettin

Vault maps used:
D:        linesprint

Action                   |  1- 3 |  4- 6 |  7- 9 | 10-12 || total
-------------------------+-------+-------+-------+-------++-------
Melee: Trident           |    49 |       |       |       ||    49
       Halberd           |       |    16 |    78 |    97 ||   191
       Spear             |       |       |       |   173 ||   173
Evoke: Wand              |       |     1 |     1 |     2 ||     4
  Use: Potion            |     1 |     1 |       |     3 ||     5
  Eat: Bread ration      |       |       |     1 |       ||     1
